3183 views
Uploaded 2020-04-08 06:44:29
Game version 1.32.3
25:28 long 2on2 ladder game on (4)HillsbradCreek
Saved by lowlyworm
3183 views
Uploaded 2020-04-08 06:44:29
Game version 1.32.3
25:28 long 2on2 ladder game on (4)HillsbradCreek


87 units @ 15.8k
/ 2.6k
56 buildings @ 6.5k
/ 3k
lowlyworm
(25)
(25:27) : 

x1)
| Scroll of Regeneration | 5 | 500 |
| Lesser Clarity Potion | 3 | 210 |
| Potion of Healing | 4 | 600 |
| Ivory Tower | 6 | 240 |
| Staff of Sanctuary | 1 | 250 |
| Orb of Fire | 1 | 325 |
| Scroll of Town Portal | 4 | 1400 |
| Boots of Speed | 1 | 250 |
| Tome of Retraining | 1 | 300 |
| Potion of Lesser Invulnerability | 1 | 150 |
| total: | 27 | 4225g |
| Peasant | 14 | 1050 | / | 0 |
| Footman | 6 | 810 | / | 0 |
| Spell Breaker | 11 | 2365 | / | 330 |
| Priest | 1 | 135 | / | 10 |
| Mortar Team | 3 | 540 | / | 210 |
| Knight | 3 | 735 | / | 180 |
| Siege Engine | 1 | 195 | / | 60 |
| Goblin Shredder | 3 | 1125 | / | 300 |
| Goblin Zeppelin | 2 | 480 | / | 120 |
| Forest Troll Shadow Priest | 2 | 390 | / | 20 |
| total: | 46 | 7825g | / | 1230w |
| Scout Tower | 17 | 510 | / | 340 |
| Arcane Tower | 5 | 350 | / | 250 |
| Guard Tower | 6 | 420 | / | 300 |
| Farm | 7 | 560 | / | 140 |
| Altar of Kings | 1 | 180 | / | 50 |
| Barracks | 1 | 160 | / | 60 |
| Lumber Mill | 1 | 120 | / | 0 |
| Town Hall | 2 | 770 | / | 410 |
| Arcane Vault | 2 | 260 | / | 60 |
| Blacksmith | 1 | 140 | / | 60 |
| Arcane Sanctum | 2 | 300 | / | 280 |
| Workshop | 3 | 420 | / | 420 |
| Keep | 2 | 640 | / | 420 |
| Castle | 2 | 720 | / | 420 |
| total: | 37 | 3420g | / | 1820w |
| 0:02 | Peasant |
| 0:02 | Peasant |
| 0:06 | Farm |
| 0:12 | Farm |
| 0:16 | Altar of Kings |
| 0:30 | Peasant |
| 0:36 | Peasant |
| 0:55 | Barracks |
| 0:58 | Peasant |
| 1:07 | Lumber Mill |
| 1:09 | Peasant |
| 1:24 | Peasant |
| 1:38 | Peasant |
| 1:59 | Footman |
| 2:02 | Peasant |
| 2:19 | Summon Water Elemental |
| 2:22 | Footman |
| 2:31 | Peasant |
| 2:37 | Farm |
| 2:56 | Peasant |
| 2:57 | Footman |
| 3:12 | Farm |
| 3:15 | Footman |
| 3:16 | Peasant |
| 3:47 | Defend |
| 4:00 | Town Hall |
| 4:14 | Scout Tower |
| 4:18 | Brilliance Aura |
| 4:37 | Footman |
| 4:52 | Boots of Speed |
| 5:00 | Footman |
| 5:31 | Arcane Vault |
| 5:37 | Keep |
| 5:49 | Goblin Shredder |
| 5:49 | Goblin Shredder |
| 5:49 | Goblin Shredder |
| 6:00 | Summon Water Elemental |
| 6:05 | Arcane Tower |
| 6:11 | Scout Tower |
| 6:14 | Scout Tower |
| 6:16 | Improved Masonry |
| 6:25 | Scroll of Regeneration |
| 6:30 | Lesser Clarity Potion |
| 6:31 | Scroll of Regeneration |
| 6:42 | Peasant |
| 6:47 | Scout Tower |
| 6:49 | Scout Tower |
| 6:51 | Scout Tower |
| 6:52 | Scout Tower |
| 7:04 | Arcane Tower |
| 7:48 | Arcane Tower |
| 7:48 | Guard Tower |
| 8:00 | Potion of Healing |
| 8:00 | Potion of Healing |
| 8:06 | Arcane Sanctum |
| 8:09 | Arcane Sanctum |
| 8:11 | Peasant |
| 8:23 | Blacksmith |
| 8:43 | Farm |
| 8:46 | Farm |
| 8:47 | Farm |
| 8:56 | Forest Troll Shadow Priest |
| 8:57 | Forest Troll Shadow Priest |
| 9:33 | Holy Light |
| 10:07 | Spell Breaker |
| 10:20 | Guard Tower |
| 10:22 | Scout Tower |
| 10:26 | Brilliance Aura |
| 10:34 | Scroll of Regeneration |
| 10:44 | Lesser Clarity Potion |
| 10:44 | Scroll of Regeneration |
| 10:45 | Potion of Healing |
| 10:45 | Ivory Tower |
| 10:46 | Ivory Tower |
| 10:54 | Spell Breaker |
| 10:56 | Priest |
| 10:56 | Priest Adept Training |
| 10:59 | Castle |
| 11:11 | Workshop |
| 11:13 | Arcane Vault |
| 11:14 | Workshop |
| 11:17 | Workshop |
| 11:30 | Goblin Zeppelin |
| 11:30 | Goblin Zeppelin |
| 11:57 | Divine Shield |
| 11:57 | Divine Shield |
| 12:16 | Spell Breaker |
| 12:30 | Ivory Tower |
| 12:30 | Ivory Tower |
| 12:31 | Ivory Tower |
| 12:31 | Ivory Tower |
| 12:35 | Guard Tower |
| 12:38 | Scroll of Town Portal |
| 12:38 | Tome of Retraining |
| 12:38 | Retrain Hero |
| 12:42 | Potion of Lesser Invulnerability |
| 12:51 | Spell Breaker |
| 12:53 | Mortar Team |
| 13:01 | Brilliance Aura |
| 13:01 | Blizzard |
| 13:03 | Blizzard |
| 13:40 | Potion of Healing |
| 13:41 | Staff of Sanctuary |
| 13:48 | Mortar Team |
| 13:49 | Guard Tower |
| 13:58 | Spell Breaker |
| 14:45 | Lesser Clarity Potion |
| 14:46 | Orb of Fire |
| 14:51 | Guard Tower |
| 15:33 | Spell Breaker |
| 15:38 | Fragmentation Shards |
| 15:39 | Mortar Team |
| 15:59 | Spell Breaker |
| 16:18 | Spell Breaker |
| 16:53 | Knight |
| 16:54 | Animal War Training |
| 17:03 | Iron Forged Swords |
| 17:37 | Knight |
| 18:07 | Holy Light |
| 18:17 | Spell Breaker |
| 18:29 | Blizzard |
| 18:36 | Scroll of Town Portal |
| 19:46 | Town Hall |
| 20:19 | Control Magic |
| 21:05 | Scroll of Regeneration |
| 21:08 | Scroll of Town Portal |
| 22:50 | Scout Tower |
| 22:51 | Scout Tower |
| 22:57 | Scout Tower |
| 22:58 | Scout Tower |
| 22:58 | Scout Tower |
| 22:59 | Scout Tower |
| 23:00 | Scout Tower |
| 23:01 | Scout Tower |
| 23:01 | Scout Tower |
| 23:07 | Spell Breaker |
| 23:11 | Siege Engine |
| 23:12 | Barrage |
| 23:18 | Scroll of Town Portal |
| 23:38 | Spell Breaker |
| 23:39 | Knight |
| 25:20 | Mass Teleport |
| Right click | 1264 |
| Select group | 775 |
| Select | 455 |
| Chat | 272 |
| Build/train/purchase | 177 |
| Use ability | 70 |
| Assign group | 67 |
| Resource trade | 37 |
| Minimap ping | 15 |
| Misc. action | 7 |


| Rod of Necromancy | 1 | 150 |
| Orb of Corruption | 1 | 375 |
| Potion of Healing | 1 | 150 |
| Dust of Appearance | 1 | 75 |
| Scroll of Town Portal | 6 | 2100 |
| total: | 10 | 2850g |
| Acolyte | 5 | 375 | / | 0 |
| Ghoul | 4 | 480 | / | 0 |
| Crypt Fiend | 25 | 5375 | / | 1000 |
| Obsidian Statue | 5 | 1000 | / | 175 |
| Frost Wyrm | 2 | 770 | / | 240 |
| total: | 41 | 8000g | / | 1415w |
| Spirit Tower | 3 | 435 | / | 120 |
| Graveyard | 1 | 215 | / | 0 |
| Crypt | 1 | 200 | / | 50 |
| Altar of Darkness | 1 | 180 | / | 50 |
| Ziggurat | 8 | 1200 | / | 400 |
| Tomb of Relics | 2 | 260 | / | 60 |
| Necropolis | 2 | 450 | / | 0 |
| Slaughterhouse | 2 | 280 | / | 270 |
| Sacrificial Pit | 1 | 75 | / | 150 |
| Boneyard | 1 | 175 | / | 200 |
| Halls of the Dead | 1 | 320 | / | 210 |
| Black Citadel | 1 | 325 | / | 230 |
| total: | 19 | 3035g | / | 1180w |
| 0:03 | Acolyte |
| 0:07 | Graveyard |
| 0:10 | Crypt |
| 0:18 | Acolyte |
| 0:44 | Altar of Darkness |
| 0:56 | Ziggurat |
| 1:14 | Ghoul |
| 1:23 | Tomb of Relics |
| 1:48 | Crypt Fiend |
| 2:00 | Ziggurat |
| 2:20 | Crypt Fiend |
| 2:20 | Crypt Fiend |
| 2:46 | Rod of Necromancy |
| 2:46 | Dust of Appearance |
| 2:55 | Ghoul |
| 3:00 | Death Coil |
| 3:30 | Halls of the Dead |
| 3:52 | Crypt Fiend |
| 4:08 | Ziggurat |
| 4:18 | Unholy Aura |
| 4:22 | Ghoul |
| 4:44 | Crypt Fiend |
| 4:56 | Crypt Fiend |
| 5:40 | Crypt Fiend |
| 5:47 | Death Coil |
| 5:54 | Black Citadel |
| 5:57 | Ziggurat |
| 6:23 | Slaughterhouse |
| 6:26 | Slaughterhouse |
| 6:46 | Web |
| 7:54 | Crypt Fiend |
| 7:56 | Scroll of Town Portal |
| 8:12 | Frost Nova |
| 8:15 | Orb of Corruption |
| 8:47 | Obsidian Statue |
| 9:35 | Crypt Fiend |
| 9:42 | Obsidian Statue |
| 9:52 | Creature Attack |
| 10:36 | Acolyte |
| 11:07 | Crypt Fiend |
| 11:09 | Sacrificial Pit |
| 11:11 | Ziggurat |
| 11:13 | Improved Creature Attack |
| 11:16 | Ghoul |
| 11:18 | Crypt Fiend |
| 11:35 | Destroyer Form |
| 12:08 | Burrow |
| 12:10 | Scroll of Town Portal |
| 12:27 | Ziggurat |
| 12:28 | Ziggurat |
| 12:35 | Advanced Creature Attack |
| 12:41 | Boneyard |
| 13:11 | Crypt Fiend |
| 13:12 | Creature Carapace |
| 13:52 | Crypt Fiend |
| 14:26 | Crypt Fiend |
| 14:42 | Dark Ritual |
| 14:46 | Scroll of Town Portal |
| 15:19 | Unholy Aura |
| 15:33 | Crypt Fiend |
| 15:36 | Improved Creature Carapace |
| 16:20 | Frost Wyrm |
| 16:44 | Crypt Fiend |
| 17:18 | Scroll of Town Portal |
| 18:13 | Frost Nova |
| 18:20 | Crypt Fiend |
| 18:20 | Crypt Fiend |
| 18:32 | Potion of Healing |
| 18:51 | Crypt Fiend |
| 19:10 | Death Coil |
| 19:13 | Scroll of Town Portal |
| 19:19 | Obsidian Statue |
| 19:38 | Acolyte |
| 19:38 | Acolyte |
| 20:40 | Obsidian Statue |
| 20:50 | Necropolis |
| 20:53 | Necropolis |
| 21:16 | Crypt Fiend |
| 21:18 | Crypt Fiend |
| 21:21 | Dark Ritual |
| 21:40 | Ziggurat |
| 21:45 | Freezing Breath |
| 22:57 | Crypt Fiend |
| 23:12 | Obsidian Statue |
| 23:14 | Frost Wyrm |
| 23:14 | Crypt Fiend |
| 23:15 | Crypt Fiend |
| 23:22 | Scroll of Town Portal |
| 23:33 | Crypt Fiend |
| 23:55 | Spirit Tower |
| 24:32 | Spirit Tower |
| 24:33 | Spirit Tower |
| 25:19 | Tomb of Relics |
| Select group | 1203 |
| Right click | 1046 |
| Select | 549 |
| Assign group | 145 |
| Build/train/purchase | 106 |
| Misc. action | 89 |
| Chat | 77 |
| Use ability | 51 |
| Minimap ping | 7 |
| Item give/drop | 6 |
| Remove unit | 3 |
79 units @ 14.7k
/ 2.7k
31 buildings @ 4.9k
/ 2.1k



| Rod of Necromancy | 7 | 1050 |
| Sacrificial Skull | 1 | 50 |
| Orb of Corruption | 1 | 375 |
| Potion of Healing | 6 | 900 |
| Potion of Mana | 1 | 200 |
| Scroll of Town Portal | 3 | 1050 |
| Potion of Lesser Invulnerability | 1 | 150 |
| total: | 20 | 3775g |
| Acolyte | 9 | 675 | / | 0 |
| Ghoul | 2 | 240 | / | 0 |
| Crypt Fiend | 12 | 2580 | / | 480 |
| Obsidian Statue | 6 | 1200 | / | 210 |
| Frost Wyrm | 4 | 1540 | / | 480 |
| Abomination | 5 | 1200 | / | 350 |
| Goblin Shredder | 1 | 375 | / | 100 |
| total: | 39 | 7810g | / | 1620w |
| Nerubian Tower | 1 | 100 | / | 20 |
| Spirit Tower | 1 | 145 | / | 40 |
| Crypt | 1 | 200 | / | 50 |
| Graveyard | 1 | 215 | / | 0 |
| Ziggurat | 9 | 1350 | / | 450 |
| Altar of Darkness | 1 | 180 | / | 50 |
| Tomb of Relics | 1 | 130 | / | 30 |
| Slaughterhouse | 1 | 140 | / | 135 |
| Sacrificial Pit | 1 | 75 | / | 150 |
| Boneyard | 2 | 350 | / | 400 |
| Halls of the Dead | 1 | 320 | / | 210 |
| Black Citadel | 1 | 325 | / | 230 |
| total: | 17 | 2640g | / | 1265w |
| 0:06 | Acolyte |
| 0:06 | Acolyte |
| 0:18 | Crypt |
| 0:24 | Graveyard |
| 0:43 | Ziggurat |
| 0:58 | Altar of Darkness |
| 1:26 | Ghoul |
| 1:50 | Ziggurat |
| 1:52 | Tomb of Relics |
| 1:59 | Ghoul |
| 2:26 | Crypt Fiend |
| 2:57 | Crypt Fiend |
| 3:02 | Rod of Necromancy |
| 3:03 | Sacrificial Skull |
| 3:05 | Acolyte |
| 3:11 | Death Coil |
| 3:32 | Crypt Fiend |
| 3:45 | Ziggurat |
| 4:10 | Acolyte |
| 4:20 | Acolyte |
| 4:20 | Acolyte |
| 4:22 | Acolyte |
| 4:27 | Unholy Aura |
| 4:32 | Acolyte |
| 4:41 | Rod of Necromancy |
| 4:59 | Nerubian Tower |
| 5:25 | Halls of the Dead |
| 5:52 | Goblin Shredder |
| 6:07 | Death Coil |
| 6:15 | Crypt Fiend |
| 6:15 | Crypt Fiend |
| 6:18 | Ziggurat |
| 6:26 | Ziggurat |
| 6:28 | Ziggurat |
| 6:45 | Crypt Fiend |
| 7:22 | Spirit Tower |
| 7:35 | Creature Attack |
| 7:35 | Creature Carapace |
| 7:52 | Black Citadel |
| 7:55 | Slaughterhouse |
| 8:02 | Rod of Necromancy |
| 8:11 | Sacrificial Pit |
| 8:24 | Ziggurat |
| 8:42 | Potion of Lesser Invulnerability |
| 9:02 | Obsidian Statue |
| 9:02 | Obsidian Statue |
| 9:07 | Ziggurat |
| 9:16 | Ziggurat |
| 9:27 | Unholy Aura |
| 9:53 | Crypt Fiend |
| 9:54 | Obsidian Statue |
| 9:55 | Web |
| 9:55 | Burrow |
| 10:03 | Rod of Necromancy |
| 10:41 | Obsidian Statue |
| 10:41 | Destroyer Form |
| 10:45 | Orb of Corruption |
| 10:51 | Scroll of Town Portal |
| 11:10 | Frost Nova |
| 11:13 | Boneyard |
| 11:34 | Improved Creature Attack |
| 11:34 | Improved Creature Carapace |
| 12:19 | Boneyard |
| 12:26 | Silence |
| 12:32 | Frost Wyrm |
| 12:37 | Abomination |
| 12:53 | Advanced Creature Attack |
| 14:15 | Frost Wyrm |
| 14:18 | Abomination |
| 14:25 | Scroll of Town Portal |
| 14:27 | Potion of Healing |
| 14:27 | Potion of Healing |
| 14:27 | Potion of Healing |
| 14:30 | Rod of Necromancy |
| 15:05 | Advanced Creature Carapace |
| 15:42 | Dark Ritual |
| 15:44 | Black Arrow |
| 16:55 | Abomination |
| 17:02 | Freezing Breath |
| 17:04 | Crypt Fiend |
| 18:15 | Death Coil |
| 18:44 | Abomination |
| 18:46 | Crypt Fiend |
| 18:46 | Crypt Fiend |
| 18:47 | Crypt Fiend |
| 18:47 | Crypt Fiend |
| 18:50 | Potion of Healing |
| 18:50 | Potion of Healing |
| 18:50 | Potion of Healing |
| 18:51 | Rod of Necromancy |
| 18:58 | Frost Wyrm |
| 20:25 | Frost Nova |
| 20:42 | Silence |
| 20:43 | Obsidian Statue |
| 21:20 | Frost Wyrm |
| 21:25 | Obsidian Statue |
| 21:31 | Potion of Mana |
| 21:31 | Scroll of Town Portal |
| 21:32 | Rod of Necromancy |
| 23:10 | Acolyte |
| 23:12 | Abomination |
| Right click | 1680 |
| Select group | 1575 |
| Select | 591 |
| Assign group | 352 |
| Misc. action | 185 |
| Build/train/purchase | 152 |
| Use ability | 68 |
| Minimap ping | 13 |
| Resource trade | 13 |
| Esc | 8 |
| Item give/drop | 3 |



| Rod of Necromancy | 2 | 300 |
| Potion of Mana | 1 | 200 |
| Scroll of Town Portal | 5 | 1750 |
| total: | 8 | 2250g |
| Acolyte | 4 | 300 | / | 0 |
| Ghoul | 3 | 360 | / | 0 |
| Crypt Fiend | 16 | 3440 | / | 640 |
| Obsidian Statue | 6 | 1200 | / | 210 |
| Necromancer | 11 | 1595 | / | 220 |
| total: | 40 | 6895g | / | 1070w |
| Nerubian Tower | 2 | 200 | / | 40 |
| Graveyard | 1 | 215 | / | 0 |
| Crypt | 1 | 200 | / | 50 |
| Altar of Darkness | 1 | 180 | / | 50 |
| Ziggurat | 8 | 1200 | / | 400 |
| Tomb of Relics | 1 | 130 | / | 30 |
| Slaughterhouse | 1 | 140 | / | 135 |
| Temple of the Damned | 1 | 155 | / | 140 |
| Halls of the Dead | 1 | 320 | / | 210 |
| Black Citadel | 1 | 325 | / | 230 |
| total: | 14 | 2220g | / | 805w |
| 0:04 | Acolyte |
| 0:05 | Acolyte |
| 0:11 | Graveyard |
| 0:16 | Crypt |
| 0:18 | Acolyte |
| 0:45 | Altar of Darkness |
| 0:59 | Ziggurat |
| 1:13 | Tomb of Relics |
| 1:25 | Ghoul |
| 1:51 | Crypt Fiend |
| 1:51 | Crypt Fiend |
| 2:10 | Ziggurat |
| 2:11 | Nerubian Tower |
| 2:34 | Crypt Fiend |
| 2:34 | Crypt Fiend |
| 2:34 | Crypt Fiend |
| 2:51 | Rod of Necromancy |
| 2:52 | Death Coil |
| 3:29 | Crypt Fiend |
| 3:31 | Crypt Fiend |
| 4:18 | Halls of the Dead |
| 4:20 | Ziggurat |
| 4:25 | Unholy Aura |
| 4:38 | Crypt Fiend |
| 5:08 | Crypt Fiend |
| 5:12 | Crypt Fiend |
| 5:13 | Nerubian Tower |
| 5:40 | Creature Carapace |
| 5:43 | Ghoul |
| 5:44 | Ghoul |
| 6:06 | Death Coil |
| 6:23 | Crypt Fiend |
| 6:26 | Ziggurat |
| 7:46 | Scroll of Town Portal |
| 7:47 | Potion of Mana |
| 8:17 | Burrow |
| 8:35 | Slaughterhouse |
| 8:48 | Frost Nova |
| 8:58 | Black Citadel |
| 10:39 | Obsidian Statue |
| 10:39 | Obsidian Statue |
| 10:43 | Web |
| 10:47 | Ziggurat |
| 11:10 | Creature Attack |
| 11:10 | Improved Creature Carapace |
| 12:02 | Obsidian Statue |
| 12:22 | Howl of Terror |
| 12:52 | Temple of the Damned |
| 13:34 | Unholy Aura |
| 14:09 | Scroll of Town Portal |
| 14:13 | Destroyer Form |
| 14:14 | Obsidian Statue |
| 14:17 | Skeletal Mastery |
| 14:20 | Necromancer |
| 14:20 | Necromancer |
| 14:20 | Necromancer |
| 14:20 | Necromancer |
| 14:56 | Obsidian Statue |
| 15:06 | Crypt Fiend |
| 15:18 | Necromancer Adept Training |
| 15:50 | Necromancer |
| 15:58 | Ziggurat |
| 17:05 | Rain of Fire |
| 17:11 | Necromancer |
| 17:11 | Necromancer |
| 17:15 | Ziggurat |
| 17:39 | Frost Armor |
| 18:47 | Crypt Fiend |
| 18:48 | Obsidian Statue |
| 19:00 | Necromancer |
| 19:00 | Necromancer |
| 19:00 | Necromancer |
| 19:03 | Crypt Fiend |
| 19:03 | Crypt Fiend |
| 19:07 | Crypt Fiend |
| 19:36 | Scroll of Town Portal |
| 20:02 | Rod of Necromancy |
| 20:47 | Acolyte |
| 20:54 | Necromancer |
| 21:17 | Scroll of Town Portal |
| 21:17 | Scroll of Town Portal |
| 23:36 | Ziggurat |
| Right click | 1097 |
| Select group | 455 |
| Select | 312 |
| Build/train/purchase | 118 |
| Use ability | 58 |
| Assign group | 38 |
| Minimap ping | 35 |
| Item give/drop | 1 |
| Remove unit | 1 |
⇛